 Dungeon Crawl Stone Soup version 0.29-a0-1023-g6ae1a4a2c7 (webtiles) character file.

Game seed: 9979424727250745302

414 Araneus the Ruffian (level 6, -2/53 HPs)
             Began as a Ghoul Monk on Aug 11, 2022.
             Slain by an ogre
             ... wielding a +0 giant club
              (9 damage)
             ... on level 4 of the Dungeon.
             The game lasted 00:08:29 (3843 turns).

Araneus the Ruffian (Ghoul Monk)                    Turns: 3843, Time: 00:08:29

Health: -2/53      AC:  5    Str: 15    XL:     6   Next: 91%
Magic:  5/5        EV: 12    Int:  5    God:
Gold:   167        SH:  5    Dex: 19    Spells: 5/5 levels left

rFire   + + .      SeeInvis .     - Unarmed
rCold   + + .      Faith    .   (no shield)
rNeg    + + +      Spirit   .   u - +0 ring mail
rPois   ∞          Reflect  +   (no helmet)
rElec   +          Harm     .   (no cloak)
rCorr   +          Rampage  .   (no gloves)
Will    .....                   (no boots)
Stlth   ++........              t - amulet of reflection
HPRegen 0.00/turn               h - ring of protection from fire
MPRegen 0.09/turn               a - +6 ring of dexterity

@: resistant, inhibited regen
A: claws 1, cold resistance 1, negative energy resistance 3, inhibited
regeneration, torment resistance 2, devour on kill
a: no special abilities


You were on level 4 of the Dungeon.
You visited 2 branches of the dungeon, and saw 5 of its levels.

You collected 167 gold pieces.

Inventory:

Armour
 u - a +0 ring mail (worn)
 v - a +0 buckler
Jewellery
 a - a +6 ring of dexterity (right claw)
 h - a ring of protection from fire (left claw)
 t - an amulet of reflection (around neck)
Wands
 y - a wand of iceblast (1)
Scrolls
 c - a scroll of torment {unknown}
 f - 2 scrolls of blinking
 g - a scroll of enchant armour {unknown}
 l - 2 scrolls of immolation {unknown}
 n - 2 scrolls of brand weapon {unknown}
 r - 2 scrolls of teleportation {unknown}
 s - a scroll of noise {unknown}
 w - 3 scrolls of fog {unknown}
 z - a scroll of magic mapping {unknown}
Potions
 b - 2 potions of ambrosia
 d - 4 potions of attraction
 e - 5 potions of curing
 p - a potion of brilliance {unknown}


   Skills:
 + Level 4.3 Fighting
 + Level 4.0 Dodging
 - Level 2.2 Stealth
 + Level 6.8 Unarmed Combat


You had 5 spell levels left.
You didn't know any spells.
Your spell library contained the following spells:

 Spells                   Type           Power      Damage    Failure   Level
 Sting                    Tmut/Pois      0%         1d3       71%         1
 Poisonous Vapours        Pois/Air       0%         N/A       85%         2
 Ozocubu's Armour         Ice            0%         N/A       97%         3
 Olgreb's Toxic Radiance  Pois           0%         N/A       100%        4
 Ozocubu's Refrigeration  Ice            0%         4d7       100%        7


Dungeon Overview and Level Annotations

Branches:
Dungeon (4/15)             Temple (1/1) D:4

Altars:
Ashenzari
Cheibriados
Dithmenos
Fedhas
Gozag
Hepliaklqana
Kikubaaqudgha
Makhleb
Nemelex Xobeh
Okawaru
Qazlal
Ru
Sif Muna
Trog
Uskayaw
Wu Jian
Yredelemnul

Shops:
D:1 =


Innate Abilities, Weirdness & Mutations

You are immune to poison.
You have sharp fingernails.
Your flesh is cold resistant. (rC+)
You are immune to negative energy. (rN+++)
You do not regenerate when monsters are visible.
You are immune to unholy pain and torment.
You thrive by killing the living.


Message History

The jackal bites you. x2
You scratch the jackal but do no damage.
The jackal barely misses you. The jackal closely misses you.
You scratch the jackal but do no damage.
You claw the jackal.
You kill the jackal!
The jackal bites you but does no damage.
A magic dart appears from out of thin air!
The magic dart hits you. The jackal attacks as you move away!
The jackal closely misses you. x2
The jackal attacks as you move away! The jackal barely misses you.
The jackal attacks as you move away! The jackal closely misses you. x2
The jackal closely misses you. The jackal attacks as you move away!
The jackal closely misses you. The jackal attacks as you move away!
You block the jackal's attack.
The jackal bites you but does no damage.
The jackal bites you but does no damage.
The jackal attacks as you move away! The jackal completely misses you.
The jackal attacks as you move away! The jackal bites you.
You block the jackal's attack.
You claw the jackal!
You kill the jackal!
Something hits you but does no damage.
You see here a jackal corpse.
You claw something! Something hits you.
You closely miss something. Something hits you but does no damage.
You scratch something. Something hits you but does no damage.
You claw something!
Reactivating autopickup.
You feel a bit more experienced.
You scratch the ogre but do no damage.
The ogre hits you with a +0 giant club!!
* * * LOW HITPOINT WARNING * * *
Okay, then.
It was a potion of resistance.
You feel protected. The ogre attacks as you move away!
You block the ogre's attack. The ogre attacks as you move away!
The ogre completely misses you. The ogre attacks as you move away!
The ogre hits you with a +0 giant club!
You die...

.......................##........
..............##...##..##........
..............##...##............
......................#.......)..
.................>...........####
....>.....................####
..............##...##......###
..............##...##..###...###
.........####..O@.....## ###...##
########## ##.#....#### ###...
#.)......## ###. ##.#.......##
###.# ###########.##........#
#...< .........#..##........##
#...... .........#.###.........##
#...... ..........## #..........#
##..... ..........# #....>.....##
#.....


You could see an ogre.

Vanquished Creatures
  A phantom (D:4)
  A kobold brigand (D:4)
  A scorpion (D:4)
  2 hounds (D:4)
  An orc wizard (D:4)
  4 gnolls (D:4)
  2 adders
  2 worms
  3 dart slugs
  2 orcs (D:4)
  7 ball pythons
  4 bats
  3 endoplasms
  9 goblins
  6 hobgoblins
  6 jackals
  3 kobolds
  4 quokkas
  4 frilled lizards
  2 rats
67 creatures vanquished.

Notes
Turn   | Place    | Note
-------+----------+-------------------------------------------
     0 | D:1      | Araneus the Ghoul Monk began the quest for the Orb.
     0 | D:1      | Reached XP level 1. HP: 19/19 MP: 0/0
   161 | D:1      | Found Diyssih's Jewellery Emporium.
   299 | D:1      | Reached XP level 2. HP: 26/26 MP: 1/1
   429 | D:1      | Found a faded altar of an unknown god.
  1389 | D:2      | Reached XP level 3. HP: 26/31 MP: 2/2
  1699 | D:3      | Reached skill level 4 in Unarmed Combat
  2267 | D:3      | Reached XP level 4. HP: 37/40 MP: 3/3
  2850 | D:4      | Noticed a phantom
  2865 | D:4      | Killed a phantom
  2866 | D:4      | Reached skill level 5 in Unarmed Combat
  2866 | D:4      | Reached XP level 5. HP: 37/46 MP: 4/4
  3006 | D:4      | Found a staircase to the Ecumenical Temple.
  3015 | Temple   | Entered the Ecumenical Temple
  3269 | D:4      | Reached XP level 6. HP: 12/52 MP: 5/5
  3517 | D:4      | Reached skill level 6 in Unarmed Combat
  3629 | D:4      | Noticed an orc warrior
  3843 | D:4      | Slain by an ogre

Illustrated notes

Levels and vault maps discovered:
D:1:      lightli_arrival_maybe_door_vault, layout_loops_cross,
          hellmonk_ecumenical_altar_crossroads, serial_shops,
          nicolae_shop_hallway_plus, chequers_mini_garden
D:2:      layout_loops_ring
D:3:      layout_basic, minmay_statues_item, minmay_hedge_maze, st_stairs_4,
          amcnicky_mini_pool_small
D:4:      layout_cave_pods, minmay_temple_entry_stoned_glass
Temple:   nicolae_temple_bog_church

Skill      XL: |  1  2  3  4  5  6 |
---------------+-------------------+-----
Dodging        | 3 4 |  4.0
Unarmed Combat | 4 5 6 |  6.8
Fighting       | 4 |  4.3
Stealth        | |  2.2

Action                   |  1- 3 |  4- 6 || total
-------------------------+-------+-------++-------
Melee: Unarmed           |   148 |   105 ||   253
       Punch             |     2 |     4 ||     6
  Use: Scroll            |       |     6 ||     6
       Potion            |       |     3 ||     3
 Stab: Sleeping          |     6 |       ||     6
Armor: Robe              |    21 |     4 ||    25
       Ring mail         |       |    23 ||    23
Dodge: Dodged            |    87 |    55 ||   142
Block: Other             |    31 |    16 ||    47
       Reflection        |       |     1 ||     1

Table legend: (Time is in decaauts)
 A = Elapsed time spent in this place.
 B = Non-inter-level travel time spent in this place.
 C = Inter-level travel time spent in this place.
 D = Time resting spent in this place.
 E = Time spent auto-exploring this place.
 F = Levels seen in this place.
 G = Mean time per level.
                   A        B        C        D        E       F      G
               +--------+--------+--------+--------+--------+-----+--------+
         Total |   3826 |   3738 |     88 |    213 |   2879 |   5 |  765.2 |
       Dungeon |   3629 |   3560 |     69 |    213 |   2719 |   4 |  907.2 |
        Temple |    196 |    177 |     19 |      0 |    160 |   1 |  196.0 |
               +--------+--------+--------+--------+--------+-----+--------+

Top non-repeatable levels by time:
     D:3: 1052 daAuts
     D:4: 957 daAuts
     D:2: 908 daAuts
     D:1: 711 daAuts
  Temple: 196 daAuts
